 Dungeon Crawl Stone Soup version 0.21.1-1-g345015f (webtiles) character file.

16928 sking99 the Severer (level 12, -4/108 HPs)
             Began as a Hill Orc Fighter on June 28, 2018.
             Was an Elder of Qazlal.
             Slain by an eight-headed hydra (6 damage)
             ... on level 1 of the Lair of Beasts.
             The game lasted 00:38:42 (13898 turns).

sking99 the Severer (Hill Orc Fighter)             Turns: 13898, Time: 00:38:43

Health: -4/108     AC: 17    Str: 20    XL:     12   Next: 42%
Magic:  13/21      EV:  6    Int:  8    God:    Qazlal [****..]
Gold:   643        SH:  5    Dex: 14    Spells: 11/11 levels left

rFire    . . .     SeeInvis +   v - +0 morningstar
rCold    . . .     Gourm    .   (no shield)
rNeg     . . .     Faith    .   t - +0 plate armour
rPois    .         Spirit   .   G - +1 hat
rElec    .         Reflect  .   w - +1 cloak
rCorr    .         Harm     .   g - +0 pair of gloves
MR       .....                  (no boots)
Stlth    ..........             (no amulet)
HPRegen  0.28/turn              N - ring of see invisible
MPRegen  0.17/turn              (no ring)

@: repel missiles
A: no striking features
a: Upheaval, Elemental Force, Renounce Religion


You were on level 1 of the Lair of Beasts.
You worshipped Qazlal.
Qazlal was greatly pleased with you.
You were not hungry.

You visited 3 branches of the dungeon, and saw 13 of its levels.
You also visited: Sewer.

You collected 643 gold pieces.

Inventory:

Hand Weapons
 a - a +0 war axe of electrocution
 u - a +6 executioner's axe of freezing
 v - a +0 morningstar (weapon)
Missiles
 l - a throwing net (quivered)
Armour
 b - a +0 scale mail
 c - a +0 shield
 g - a +0 pair of gloves (worn)
 t - a +0 plate armour (worn)
 w - a +1 cloak (worn)
 G - a +1 hat (worn)
 K - a +0 helmet
Jewellery
 N - a ring of see invisible (left hand)
Wands
 n - a wand of disintegration (10)
 o - a wand of acid (17)
 r - a wand of paralysis (8)
 y - a wand of iceblast (7)
 z - a wand of digging (12)
 C - a wand of polymorph (32)
Scrolls
 e - 2 scrolls of enchant armour
 h - 4 scrolls of amnesia {unknown}
 q - 6 scrolls of teleportation
 x - a scroll of blinking
 A - a scroll of torment
 I - a scroll of magic mapping
 J - 3 scrolls of identify
 P - 6 scrolls of remove curse
Potions
 d - 3 potions of might
 i - 4 potions of heal wounds
 j - 6 potions of flight
 k - 4 potions of brilliance
 m - 6 potions of curing
 p - 3 potions of lignification
 s - 3 potions of haste
 D - 4 potions of agility
 E - a potion of resistance
 F - a potion of magic {unknown}
 H - 3 potions of invisibility
 M - 2 potions of mutation
 R - 2 potions of cancellation {unknown}
 S - a potion of degeneration {unknown}
 T - a potion of ambrosia {unknown}
Books
 B - a book of Misfortune

   Spells                             Type                      Level
   a - Confusing Touch                Hexes                        1
   b - Confuse                        Hexes                        3
   c - Gell's Gravitas                Translocation                3
   d - Petrify                        Transmutation/Earth          4
   e - Metabolic Englaciation         Hexes/Ice                    5
   f - Yara's Violent Unravelling     Hexes/Transmutation          5
 L - a book of Changes

   Spells                             Type                      Level
   a - Beastly Appendage              Transmutation                1
   b - Sticks to Snakes               Transmutation                2
   c - Spider Form                    Transmutation/Poison         3
   d - Ice Form                       Ice/Transmutation            4
   e - Blade Hands                    Transmutation                5
 O - a book of Maledictions

   Spells                             Type                      Level
   a - Corona                         Hexes                        1
   b - Ensorcelled Hibernation        Hexes/Ice                    2
   c - Confuse                        Hexes                        3
   d - Tukima's Dance                 Hexes                        3
   e - Dazzling Spray                 Conjuration/Hexes            3
 U - a book of Conjurations

   Spells                             Type                      Level
   a - Magic Dart                     Conjuration                  1
   b - Searing Ray                    Conjuration                  2
   c - Dazzling Spray                 Conjuration/Hexes            3
   d - Fulminant Prism                Conjuration/Hexes            4
   e - Force Lance                    Conjuration/Translocation    4
   f - Iskenderun's Mystic Blast      Conjuration                  4
Comestibles
 f - 24 rations
 Q - 4 chunks of flesh


   Skills:
 - Level 10.6 Fighting
 + Level 16.9 Axes
 + Level 6.3 Armour
 - Level 6.2 Shields
 + Level 12.3 Invocations


You had 11 spell levels left.
You didn't know any spells.

Dungeon Overview and Level Annotations

Branches:
Dungeon (11/15)            Temple (1/1) D:5            Lair (1/6) D:10
    Orc: D:9-12

Altars:
Ashenzari
Cheibriados
Dithmenos
Elyvilon
Fedhas
Gozag
Hepliaklqana
Kikubaaqudgha
Makhleb
Nemelex Xobeh
Okawaru
Qazlal
Ru
Sif Muna
Trog
Uskayaw
Vehumet
Wu Jian
Xom
Yredelemnul
Zin
The Shining One

Shops:
D:6 :


Message History

The blast of rubble hits you! The eight-headed hydra bites you.
The eight-headed hydra barely misses you.
The eight-headed hydra bites you.
You block the eight-headed hydra's attack.
The eight-headed hydra barely misses you.
The eight-headed hydra bites you!
* * * LOW HITPOINT WARNING * * *
The eight-headed hydra bites you but does no damage. x2
Aiming: Upheaval
Press: ? - help, Dir - move target cursor, f/p - eight-headed hydra
Aim: an eight-headed hydra (severely wounded) That beam is likely to hit you.
Continue anyway?
Magma suddenly erupts from the ground!
The blast of magma engulfs the eight-headed hydra.
The eight-headed hydra is almost dead.
The blast of magma engulfs you!
* * * LOW HITPOINT WARNING * * *
You hear a sizzling sound!
The eight-headed hydra bites you.
You die...

.#...#### #### ##.....##.
#### ####...#. ♣♣♣♣♣♣
####.. ♣♣♣♣♣♣ ♣♣...)♣♣♣
###
♣♣♣♣....♣♣♣♣♣♣♣..♣♣♣..♣♣♣
# ♣♣.).♣♣..........♣
♣♣♣.)♣♣♣
÷.♣♣♣♣♣♣♣♣♣♣♣.≈.♣♣
♣♣♣..♣♣ ♣♣♣ ♣.§D♣♣♣♣
♣♣♣.♣♣ ♣♣..@..♣♣ ♣♣.♣
♣....♣♣♣♣.♣♣ ♣♣D♣♣.♣.
...♣♣♣♣ ♣♣.♣ ♣......♣ ...
♣♣.♣ ♣♣♣....) .♣ ♣♣..♣
..?.. ♣.♣♣♣ ♣!(.♣ ♣♣♣.♣♣
♣♣♣♣ ♣♣....♣ ♣..♣♣...♣


You could see an eight-headed hydra.

Vanquished Creatures
  3 two-headed ogres
  2 ugly things
  4 spiny frogs (Lair:1)
  3 komodo dragons (Lair:1)
  A troll (D:9)
  Grinder (D:5)
  4 hippogriffs
  A wyvern (D:10)
  15 yaks
  A human (D:7)
  7 spriggans (Lair:1)
  A hungry ghost (D:9)
  Grum (D:9)
  3 hogs (D:7)
  A basilisk (Lair:1)
  Edmund (D:5)
  A porcupine (D:10)
  2 water moccasins (Lair:1)
  An ice beast (D:9)
  5 sky beasts
  2 orc warriors (D:10)
  3 black bears
  3 ogres
  An eye of draining (D:10)
  8 wolves
  A centaur (D:8)
  2 phantoms
  2 crocodiles
  6 big kobolds
  10 bullfrogs
  A wyvern zombie (D:11)
  2 wyvern skeletons
  A water moccasin skeleton (D:7)
  5 scorpions
  4 killer bees (D:7)
  4 wights (D:7)
  2 howler monkeys
  2 bullfrog zombies
  6 crimson imps
  7 hounds
  3 jellies
  A quasit (D:9)
  3 orc priests
  6 orc wizards
  3 centaur skeletons
  Jessica (D:3)
  3 iguanas
  Ijyb (D:5)
  10 worker ants
  A howler monkey skeleton (D:5)
  5 worker ant zombies
  8 gnolls
  19 adders
  2 river rats (Sewer)
  4 shadow imps
  4 oozes
  An adder zombie (D:8)
  5 worms
  4 dart slugs
  5 leopard geckos
  37 orcs
  7 giant cockroaches
  8 goblins
  8 hobgoblins
  16 jackals
  42 kobolds
  5 quokkas
  A ball python (D:2)
  7 bats
  6 frilled lizards
  A giant cockroach zombie (D:6)
  A jackal zombie (D:8)
  12 rats
  A fungus (Lair:1)
371 creatures vanquished.

Vanquished Creatures (others)
  10 fungi (D:10)
  3 plants (D:10)
13 creatures vanquished.

Grand Total: 384 creatures vanquished

Notes
Turn   | Place    | Note
-------+----------+-------------------------------------------
     0 | D:1      | sking99 the Hill Orc Fighter began the quest for the Orb.
     0 | D:1      | Reached XP level 1. HP: 19/19 MP: 1/1
   247 | D:1      | Reached skill level 3 in Axes
   409 | D:1      | Reached XP level 2. HP: 27/27 MP: 2/2
   937 | D:1      | Reached skill level 4 in Axes
   937 | D:1      | Reached XP level 3. HP: 29/33 MP: 3/3
  1582 | D:2      | Reached XP level 4. HP: 41/41 MP: 4/4
  1585 | D:2      | Reached skill level 5 in Axes
  1806 | D:2      | Found a deep blue altar of Sif Muna.
  1821 | D:2      | Reached XP level 5. HP: 47/47 MP: 5/5
  2193 | D:3      | Reached skill level 5 in Fighting
  2193 | D:3      | Reached skill level 6 in Axes
  2382 | D:3      | Noticed Jessica
  2393 | D:3      | Killed Jessica
  2412 | D:3      | Reached XP level 6. HP: 52/56 MP: 6/6
  3306 | D:4      | Reached skill level 7 in Axes
  3342 | D:4      | Found a glowing drain.
  3369 | Sewer    | Entered a sewer
  3479 | Sewer    | Found a white marble altar of Elyvilon.
  3572 | D:4      | Noticed a phantom
  3603 | D:4      | Reached skill level 8 in Axes
  3603 | D:4      | Reached XP level 7. HP: 50/63 MP: 7/7
  3796 | D:4      | Reached skill level 9 in Axes
  4648 | D:5      | Entered Level 5 of the Dungeon
  4755 | D:5      | Found a staircase to the Ecumenical Temple.
  4764 | Temple   | Entered the Ecumenical Temple
  5102 | Temple   | Became a worshipper of Qazlal Stormbringer
  5149 | D:5      | Noticed Grinder
  5180 | D:5      | Paralysed by Grinder for 3 turns
  5186 | D:5      | Paralysed by Grinder for 6 turns
  5192 | D:5      | Killed Grinder
  5192 | D:5      | Reached skill level 10 in Axes
  5192 | D:5      | Reached XP level 8. HP: 12/73 MP: 7/9
  5554 | D:5      | Noticed Edmund
  5578 | D:5      | Killed Edmund
  5638 | D:5      | Noticed Ijyb
  5658 | D:5      | Killed Ijyb
  5944 | D:6      | Reached skill level 11 in Axes
  5977 | D:6      | Found an iron altar of Okawaru.
  6200 | D:6      | Reached XP level 9. HP: 56/81 MP: 12/12
  6398 | D:6      | Reached * piety under Qazlal
  6953 | D:6      | Found Yneroqech's Book Boutique.
  7073 | D:7      | Found a basalt altar of Yredelemnul.
  7170 | D:7      | Reached skill level 5 in Invocations
  7245 | D:7      | Reached skill level 12 in Axes
  7454 | D:7      | Found a hide-covered altar of Uskayaw.
  7538 | D:7      | Found a sparkling altar of Nemelex Xobeh.
  7812 | D:7      | Reached skill level 13 in Axes
  7974 | D:7      | Reached XP level 10. HP: 52/91 MP: 15/15
  8445 | D:8      | Found a stormy altar of Qazlal.
  8611 | D:8      | Reached ** piety under Qazlal
  9297 | D:9      | Reached skill level 10 in Fighting
  9309 | D:9      | Reached skill level 14 in Axes
  9780 | D:9      | Noticed a two-headed ogre
  9791 | D:9      | Killed a two-headed ogre
 10115 | D:10     | Entered Level 10 of the Dungeon
 10130 | D:9      | Reached skill level 15 in Axes
 10138 | D:9      | Reached XP level 11. HP: 42/101 MP: 17/17
 10387 | D:10     | Noticed Grum
 10544 | D:9      | Killed Grum
 10831 | D:10     | Reached *** piety under Qazlal
 11209 | D:10     | Noticed a two-headed ogre
 11213 | D:10     | Killed a two-headed ogre
 11300 | D:10     | Found a staircase to the Lair.
 11633 | D:10     | Reached skill level 5 in Shields
 11813 | D:11     | Noticed a brown ugly thing
 11829 | D:11     | Noticed a purple ugly thing
 11833 | D:11     | Killed a brown ugly thing
 11833 | D:11     | Reached skill level 16 in Axes
 11833 | D:11     | Reached skill level 10 in Invocations
 11847 | D:10     | Killed a purple ugly thing
 12047 | D:11     | Noticed a two-headed ogre
 12059 | D:11     | Killed a two-headed ogre
 12141 | D:11     | Identified a scroll of acquirement
 12274 | D:11     | Reached **** piety under Qazlal
 12920 | Lair:1   | Entered Level 1 of the Lair of Beasts
 12933 | Lair:1   | Reached XP level 12. HP: 82/108 MP: 20/20
 13036 | Lair:1   | Reached skill level 5 in Armour
 13540 | Lair:1   | Noticed an eight-headed hydra
 13898 | Lair:1   | HP: 1/108 [suicidal targeting (27)]
 13898 | Lair:1   | Slain by an eight-headed hydra

Skill      XL: |  1  2  3  4  5  6  7  8  9 10 11 12 |
---------------+-------------------------------------+-----
Axes           | 3 4 5 6 8 10 11 13 15 16 | 16.9
Fighting       | 4 5 6 7 8 9 10 | 10.6
Invocations    | 2 4 6 9 11 12 | 12.3
Shields        | 6 |  6.2
Armour         | 4 6 |  6.3

Action                   |  1- 3 |  4- 6 |  7- 9 | 10-12 || total
-------------------------+-------+-------+-------+-------++-------
Melee: War axe           |   110 |   220 |   484 |   514 ||  1328
       Executioner's axe |       |       |       |   136 ||   136
       Morningstar       |       |       |       |     3 ||     3
Invok: Upheaval          |       |       |       |     6 ||     6
Evoke: Wand              |       |       |     2 |       ||     2
  Use: Scroll            |       |     8 |     2 |    14 ||    24
       Potion            |       |       |     3 |       ||     3
 Stab: Paralysed         |       |       |     3 |       ||     3
  Eat: Chunk             |     2 |     7 |    14 |    21 ||    44
       Ration            |       |       |       |     1 ||     1
Armor: Scale mail        |    65 |    88 |    46 |       ||   199
       Plate armour      |       |       |   198 |   328 ||   526
       Skin              |       |       |     4 |       ||     4
Dodge: Dodged            |    50 |    73 |    58 |    94 ||   275
       Deflected         |       |       |       |     1 ||     1
Block: Shield            |    72 |   110 |   190 |   289 ||   661
       Other             |       |       |       |    30 ||    30
